 Dungeon Crawl Stone Soup version 0.30.0-29-ga12c61a403 (webtiles) character file.

Game seed: 9081762425563883928

583 Kranky the Shield-Bearer (level 7, -10/68 HPs)
             Began as a Troll Fighter on June 7, 2023.
             Was an Initiate of Wu Jian.
             Mangled by Prince Ribbit (14 damage)
             ... on level 5 of the Dungeon.
             The game lasted 00:05:47 (3638 turns).

Kranky the Shield-Bearer (Troll Fighter)            Turns: 3638, Time: 00:05:48

Health: -10/68     AC:  4    Str: 25    XL:     7   Next: 14%
Magic:  6/6        EV:  8    Int:  6    God:    Wu Jian [......]
Gold:   213        SH: 11    Dex:  9    Spells: 6/6 levels left

rFire   . .          .
                       - Unarmed
rCold   . . .        m - +0 tower shield
rNeg    . . .        a - +0 robe
rPois   .            (helmet restricted)
rElec   .            (no cloak)
rCorr   .            (gloves unavailable)
SInv    .            (boots unavailable)
Will    .....        (no amulet)
Stlth   +            (no ring)
HPRegen 1.11/turn    (no ring)
MPRegen 0.10/turn

%: no passive effects
@: no status effects
A: large, unfitting armour, claws 3, regeneration 1, shaggy fur 1, tough skin 1
a: Renounce Religion


You were on level 5 of the Dungeon.
You worshipped Wu Jian.
Wu Jian was noncommittal.
You visited 2 branches of the dungeon, and saw 7 of its levels.

You collected 213 gold pieces.

Inventory:

Armour
 a - a +0 robe (worn)
 b - a +0 kite shield
 m - a +0 tower shield (worn)
Jewellery
 d - an amulet of guardian spirit
Wands
 t - a wand of charming (14)
 x - a wand of flame (19)
Scrolls
 e - a scroll of blinking {unknown}
 f - 6 scrolls of identify {unknown}
 g - a scroll of fog {unknown}
 i - 2 scrolls of fear {unknown}
 l - 2 scrolls of amnesia {unknown}
 o - a scroll of enchant armour {unknown}
 p - a scroll of teleportation {unknown}
 q - a scroll of torment {unknown}
 u - a scroll of vulnerability {unknown}
 v - a scroll of poison {unknown}
 w - a scroll of acquirement {unknown}
 y - a scroll of immolation {unknown}
Potions
 c - 4 potions of might
 h - 2 potions of degeneration {unknown}
 j - 2 potions of resistance {unknown}
 k - 4 potions of attraction {unknown}
 n - 2 potions of invisibility {unknown}
 r - a potion of cancellation {unknown}
 s - 2 potions of curing {unknown}
 z - a potion of haste {unknown}
 A - a potion of lignification {unknown}


   Skills:
 + Level 3.7 Fighting
 + Level 2.5 Armour
 + Level 3.7 Dodging
 + Level 4.1 Shields
 + Level 3.8 Unarmed Combat


You had 6 spell levels left.
You didn't know any spells.
Your spell library contained the following spells:

 Spells                   Type           Power      Damage    Failure   Level
 Beastly Appendage        Tmut           0%         N/A       95%         1
 Freeze                   Ice            0%         1d3       95%         1
 Kiss of Death            Conj/Necr      0%         2d5       95%         1
 Sandblast                Erth           0%         2d4       95%         1
 Cigotuvi's Dreadful Rot  Necr/Pois/Air  0%         N/A       98%         2
 Passwall                 Tmut/Erth      0%         N/A       98%         2
 Wereblood                Tmut           0%         N/A       98%         2
 Confusing Touch          Hex            0%         N/A       100%        3
 Frozen Ramparts          Ice            0%         1d1       100%        3
 Hailstorm                Conj/Ice       0%         3d3       100%        3
 Ignite Poison            Fire/Tmut/Pois 0%         N/A       100%        3
 Spider Form              Tmut/Pois      0%         N/A       100%        3
 Stone Arrow              Conj/Erth      0%         3d7       100%        3
 Dispel Undead            Necr           0%         3d6       100%        4
 Summon Ice Beast         Ice/Summ       0%         N/A       100%        4
 Freezing Cloud           Conj/Ice/Air   0%         6-21      100%        5
 Summon Mana Viper        Hex/Summ       0%         N/A       100%        5
 Monstrous Menagerie      Summ           0%         N/A       100%        7


Dungeon Overview and Level Annotations

Branches:
Dungeon (6/15)             Temple (1/1) D:4

Altars:
Cheibriados
Dithmenos
Elyvilon
Hepliaklqana
Nemelex Xobeh
Okawaru
Ru
Sif Muna
Trog
Uskayaw
Vehumet
Wu Jian
Yredelemnul
Zin
The Shining One

Shops:
D:2 (

Annotations:
D:5 Prince Ribbit


Innate Abilities, Weirdness & Mutations

You are too large for most types of armour.
You have claws for hands.
Your natural rate of healing is unusually fast.
You are covered in fur. (AC +1)
You have tough skin. (AC +1)


Message History

The black bear claws you but does no damage.
The black bear barely misses you. You block the black bear's attack. x2
You barely miss the black bear.
The black bear is severely wounded.
Prince Ribbit blinks!
The black bear bites you! You block the black bear's attack. x2
You claw the black bear!
You kill the black bear!
The Council accepts your kill. The hound barely misses you.
You have reached level 7!
You closely miss the hound. The hound bites you.
Prince Ribbit blinks!
You block the hound's attack.
You claw the hound!
You kill the hound!
The Council accepts your kill.
You see here a worm corpse.
You lunge at Prince Ribbit.
You barely miss Prince Ribbit.
Prince Ribbit catches a fly with his tongue.
Prince Ribbit closely misses you. Prince Ribbit hits you!
You completely miss Prince Ribbit. Prince Ribbit barely misses you.
Prince Ribbit hits you!
You are too injured to fight recklessly!
You are too injured to fight recklessly!
You are too injured to fight recklessly!
Unknown command.
You claw Prince Ribbit!
Prince Ribbit is moderately wounded.
Prince Ribbit hits you.
* * * LOW HITPOINT WARNING * * *
You barely miss Prince Ribbit.
Prince Ribbit is moderately wounded.
Prince Ribbit hits you!
* * * LOW HITPOINT WARNING * * *
Prince Ribbit hits you.
* * * LOW HITPOINT WARNING * * *
You claw Prince Ribbit!
Prince Ribbit is severely wounded.
Prince Ribbit hits you!
You die...

###...###
###.......##
#..........#
######.#.....>...
#............#
#.####.###...#
#.# ##### #†# #@#
#F# #.# ... ...
.#.## .#.# #...#


You could see Prince Ribbit.

Vanquished Creatures
  A black bear (D:5)
  A scorpion (D:4)
  A howler monkey (D:4)
  2 hounds
  Jessica (D:2)
  Natasha (thrice) (D:2)
  6 adders
  8 gnolls
  An ufetubus (D:4)
  2 worms
  2 dart slugs
  10 orcs (D:3)
  An endoplasm (D:4)
  3 giant cockroaches
  9 goblins
  5 hobgoblins
  10 jackals
  10 kobolds
  4 quokkas
  4 ball pythons
  8 bats
  5 frilled lizards
  9 rats
106 creatures vanquished.

Notes
Turn   | Place    | Note
-------+----------+-------------------------------------------
     0 | D:1      | Kranky the Troll Fighter began the quest for the Orb.
     0 | D:1      | Reached XP level 1. HP: 22/22 MP: 0/0
   108 | D:1      | Reached XP level 2. HP: 22/29 MP: 1/1
   662 | D:1      | Reached XP level 3. HP: 36/36 MP: 2/2
   936 | D:2      | Found a faded altar of an unknown god.
   941 | D:2      | Reached skill level 3 in Shields
   971 | D:2      | Noticed Jessica
   994 | D:2      | Killed Jessica
   995 | D:2      | Reached skill level 1 in Armour
   995 | D:2      | Reached XP level 4. HP: 27/44 MP: 3/3
  1070 | D:2      | Found a transporter.
  1073 | D:2      | Found Noalit Yva's Weapon Boutique.
  1097 | D:2      | Noticed Natasha
  1114 | D:2      | Killed Natasha
  1160 | D:2      | Found a transporter.
  1167 | D:2      | Noticed Natasha
  1172 | D:2      | Killed Natasha
  1448 | D:2      | Noticed Natasha
  1454 | D:2      | Killed Natasha
  1455 | D:2      | Reached XP level 5. HP: 38/53 MP: 4/4
  2099 | D:3      | Reached XP level 6. HP: 58/61 MP: 5/5
  2956 | D:4      | Reached skill level 4 in Shields
  2990 | D:4      | Found a staircase to the Ecumenical Temple.
  3007 | Temple   | Entered the Ecumenical Temple
  3210 | Temple   | Became a worshipper of the Wu Jian Council
  3609 | D:4      | You fall into a shaft and drop 2 floors!
  3614 | D:6      | Noticed a water moccasin
  3619 | D:5      | Entered Level 5 of the Dungeon
  3626 | D:5      | Noticed Prince Ribbit
  3631 | D:5      | Reached XP level 7. HP: 49/68 MP: 6/6
  3637 | D:5      | HP: 3/68 [Prince Ribbit (4)]
  3638 | D:5      | Mangled by Prince Ribbit

Illustrated notes

Levels and vault maps discovered:
D:1:      dpeg_arrival_three_bigger_balls, layout_basic
D:2:      layout_loops_cross, ebering_ecumenical_altar_hall, serial_shops,
          nicolae_shop_drivethru, uniq_natasha, uniq_jessica
D:3:      layout_basic
D:4:      layout_gridville, minmay_temple_entry_statues_fountains,
          dk_rats_in_the_wall
D:5:      layout_loops_ring, nicolae_gozag_seed_capital,
          nicolae_overflow_hidden_temple, kennysheep_mini_moat,
          uniq_prince_ribbit1
D:6:      layout_rooms, mainiacjoe_overflow_brackets, uniq_eustachio,
          uniq_menkaure
Temple:   regret_index_temple_generic_petals

Skill      XL: |  1  2  3  4  5  6 |
---------------+-------------------+-----
Shields        | 3 4 |  4.1
Armour         | 1 2 |  2.5
Fighting       | 3 |  3.7
Dodging        | 3 |  3.7
Unarmed Combat | 3 |  3.8

Action                     |  1- 3 |  4- 6 |  7- 9 || total
---------------------------+-------+-------+-------++-------
  Melee: Unarmed           |    97 |   224 |     7 ||   328
Ability: Lunge             |       |     2 |     1 ||     3
   Stab: Sleeping          |       |     1 |       ||     1
 Armour: Robe              |    26 |    60 |       ||    86
  Dodge: Dodged            |    22 |    58 |     2 ||    82
  Block: Kite shield       |    24 |       |       ||    24
         Tower shield      |    15 |   148 |     1 ||   164
